 Dungeon Crawl Stone Soup version 0.26.0-10-g1f06aea511 (webtiles) character file.

Game seed: 9870717548168478748

77 Borgoz the Slasher (level 4, 0/37 HPs)
             Began as a Ghoul Gladiator on Jan 30, 2021.
             Slain by an adder (4 damage)
             ... on level 3 of the Dungeon.
             The game lasted 00:03:43 (2248 turns).

Borgoz the Slasher (Ghoul Gladiator)                Turns: 2248, Time: 00:03:44

Health: 0/37       AC:  4    Str: 17    XL:     4   Next: 34%
Magic:  3/3        EV: 12    Int:  3    God:
Gold:   121        SH:  3    Dex: 11    Spells: 3/3 levels left

rFire    . . .     SeeInvis .   a - +0 long sword
rCold    + . .     Faith    .   k - +0 buckler
rNeg     + + +     Spirit   .   b - +0 leather armour
rPois    ∞         Reflect  .   c - +0 helmet
rElec    .         Harm     .   (no cloak)
rCorr    .         Rampage  .   (no gloves)
Will     .....                  (no boots)
Stlth    +.........             i - amulet of inaccuracy
HPRegen  0.00/turn              (no ring)
MPRegen  0.08/turn              (no ring)

@: brilliant, hasted, very quick
A: claws 1, cold resistance 1, negative energy resistance 3, inhibited
regeneration, torment resistance, unbreathing
a: no special abilities


You were on level 3 of the Dungeon.
You visited 1 branch of the dungeon, and saw 3 of its levels.

You collected 121 gold pieces.

Inventory:

Hand Weapons
 a - a +0 long sword (weapon)
Missiles
 d - 2 throwing nets (quivered)
Armour
 b - a +0 leather armour (worn)
 c - a +0 helmet (worn)
 k - a +0 buckler (worn)
Jewellery
 i - an amulet of inaccuracy (around neck)
Scrolls
 e - a scroll of magic mapping {unknown}
 h - a scroll of enchant weapon {unknown}
 l - a scroll of remove curse
 m - 2 scrolls of fog {unknown}
 o - a scroll of identify
 p - a scroll of teleportation {unknown}
Potions
 f - a potion of haste
 g - 2 potions of attraction
 j - a potion of curing
 n - a potion of brilliance


   Skills:
 + Level 2.8 Fighting
 * Level 3.5 Long Blades
 - Level 1.7 Throwing
 + Level 1.2 Armour
 + Level 3.1 Dodging
 + Level 0.3 Shields


You had 3 spell levels left.
You didn't know any spells.
Your spell library was empty.

Dungeon Overview and Level Annotations

Branches:
Dungeon (3/15)

Altars:
Nemelex Xobeh


Innate Abilities, Weirdness & Mutations

You thrive by killing the living.
You are immune to poison.
You have sharp fingernails.
Your flesh is cold resistant. (rC+)
You are immune to negative energy. (rN+++)
You do not regenerate when monsters are visible.
You are immune to unholy pain and torment.
You can survive without breathing.


Message History

You barely miss the goblin. The goblin misses you.
The adder bites you but does no damage.
You closely miss the goblin. You block the adder's attack.
The goblin barely misses you.
You closely miss the goblin. The adder misses you.
The goblin closely misses you.
You closely miss the goblin. The adder bites you.
* * * LOW HITPOINT WARNING * * *
You hit the goblin.
You kill the goblin!
The adder barely misses you.
You riposte.
You barely miss the adder. You miss the adder.
The adder bites you but does no damage.
You closely miss the adder. The adder bites you but does no damage.
The adder barely misses you.
You miss the adder. The adder misses you.
You riposte.
You miss the adder. You closely miss the adder. You closely miss the adder.
The adder bites you.
* * * LOW HITPOINT WARNING * * *
You barely miss the adder. The adder bites you.
You die...

##!.[###.###
#..().##...
#...#.#######
##...........
#..#####..<######
.......g.###
...###S## #S# #@#
#..).....#
#........#
#........#
#........#
#........#
#...^$...#
.........#


You could see 2 adders and a goblin.

Vanquished Creatures
  2 adders (D:2)
  An ooze (D:1)
  A leopard gecko (D:2)
  An orc (D:3)
  3 ball pythons (D:2)
  2 giant cockroaches (D:1)
  8 goblins
  7 hobgoblins
  4 kobolds
  2 quokkas (D:2)
  8 bats
  2 frilled lizards (D:2)
  8 rats
49 creatures vanquished.

Vanquished Creatures (others)
  A fungus (D:2)
1 creature vanquished.

Grand Total: 50 creatures vanquished

Notes
Turn   | Place    | Note
-------+----------+-------------------------------------------
     0 | D:1      | Borgoz the Ghoul Gladiator began the quest for the Orb.
     0 | D:1      | Reached XP level 1. HP: 17/17 MP: 0/0
    84 | D:1      | Reached XP level 2. HP: 25/25 MP: 1/1
   629 | D:1      | Reached XP level 3. HP: 29/30 MP: 2/2
   869 | D:2      | Found a sparkling altar of Nemelex Xobeh.
   879 | D:2      | Reached skill level 1 in Armour
  1828 | D:2      | Reached XP level 4. HP: 14/37 MP: 3/3
  2248 | D:3      | Slain by an adder

Illustrated notes

Levels and vault maps discovered:
D:1:      psy_arrival_dodecagon, layout_loops_ring, dk_noncrumbling_2
D:2:      layout_loops_ring, nemelex_xobeh_ov_fountains_minmay,
          minmay_shallow_snake_nest
D:3:      layout_basic, gammafunk_temple_overflow_claw, minmay_circle_x,
          uniq_jessica

Skill      XL: |  1  2  3 |
---------------+----------+-----
Long Blades    | 3 |  3.5
Armour         | 1 |  1.2
Dodging        | 3 |  3.1
Fighting       | |  2.8
Throwing       | |  1.7
Shields        | |  0.3

Action                   |  1- 3 |  4- 6 || total
-------------------------+-------+-------++-------
Melee: Long sword        |   147 |    62 ||   209
Throw: Throwing net      |     1 |     2 ||     3
  Use: Scroll            |     5 |       ||     5
       Potion            |       |     4 ||     4
 Stab: Held in net/web   |     1 |       ||     1
Armor: Leather armour    |    60 |    35 ||    95
Dodge: Dodged            |   119 |    72 ||   191
Block: Buckler           |    19 |    11 ||    30
       Rpst.: Long sword |    36 |    23 ||    59
